 Dungeon Crawl Stone Soup version 0.30-a0-341-g682706514a (webtiles) character file.

Game seed: 15825989576101374563

808 Kinoniko the Cleaver (level 7, -20/57 HPs)
             Began as a Hill Orc Berserker on Nov 3, 2022.
             Was a Believer of Trog.
             Demolished by an ogre
             ... wielding a +0 giant club
              (24 damage)
             ... on level 6 of the Dungeon.
             The game lasted 00:03:53 (4110 turns).

Kinoniko the Cleaver (Hill Orc Berserker)           Turns: 4110, Time: 00:03:54

Health: -20/57     AC: 10    Str: 21    XL:     7   Next: 92%
Magic:  7/7        EV:  6    Int: 11    God:    Trog [**....]
Gold:   208        SH:  8    Dex:  9    Spells: 6/6 levels left

rFire   . . .      SeeInvis +    a - +0 hand axe
rCold   + . .      Faith    .    t - +0 kite shield
rNeg    . . .      Spirit   .    w - +0 chain mail {rC+}
rPois   .          Reflect  .    (no helmet)
rElec   .          Harm     .    (no cloak)
rCorr   .          Rampage  .    r - +0 pair of gloves
Will    .....                    c - +0 pair of boots
Stlth   ..........               (no amulet)
HPRegen 0.29/turn                (no ring)
MPRegen 0.10/turn                (no ring)

@: on berserk cooldown, slowed, very slow
A: see invisible, clever 1, wild magic 1
a: Renounce Religion, Berserk, Trog's Hand


You were on level 6 of the Dungeon.
You worshipped Trog.
Trog was pleased with you.
You visited 1 branch of the dungeon, and saw 6 of its levels.

You collected 208 gold pieces.

Inventory:

Hand Weapons
 a - a +0 hand axe (weapon)
Armour
 b - a +0 animal skin
 c - a +0 pair of boots (worn)
 d - a +0 ring mail
 r - a +0 pair of gloves (worn)
 t - a +0 kite shield (worn)
 w - a +0 chain mail of cold resistance (worn)
Jewellery
 j - a ring of ice
Wands
 m - a wand of charming (9)
 s - a wand of digging (3)
Scrolls
 e - 2 scrolls of poison
 g - 4 scrolls of teleportation
 h - 4 scrolls of magic mapping
 i - 2 scrolls of fear
 x - a scroll of fog
Potions
 f - a potion of degeneration {unknown}
 k - a potion of flight {unknown}
 l - a potion of heal wounds {unknown}
 n - a potion of berserk rage {unknown}
 o - a potion of brilliance {unknown}


   Skills:
 - Level 3.6 Fighting
 * Level 10.6 Axes
 - Level 2.1 Armour
 - Level 1.5 Dodging
 + Level 4.2 Shields


You had 6 spell levels left.
You didn't know any spells.
Your spell library was empty.

Dungeon Overview and Level Annotations

Branches:
Dungeon (6/15)
 Temple: D:4-7

Altars:
Hepliaklqana
Trog
Wu Jian
Xom
The Shining One

Shops:
D:4 [

Annotations:
D:3 1 transporter, niknal's ghost, weakling TrNe


Innate Abilities, Weirdness & Mutations

You have supernaturally acute eyesight. (SInv)
Your mind is acute. (Int +4, Str/Dex -1)
Your spells are a little harder to cast, but a little more powerful.


Message History

You slash the centaur zombie! The centaur zombie closely misses you.
The centaur zombie kicks you but does no damage.
Unknown command.
You slash the centaur zombie!
The centaur zombie is almost destroyed.
You block the centaur zombie's attack.
The centaur zombie kicks you but does no damage.
Unknown command.
You slash the centaur zombie!
You destroy the centaur zombie!
Trog accepts your kill.
An ogre comes into view. It is wielding a +0 giant club.
The ogre shouts!
Unknown command.
You feel a strong urge to attack something.
You are no longer berserk.
You are exhausted.
You feel yourself slow down.
The ogre hits you with a +0 giant club!!
A wyvern skeleton comes into view.
A scorpion comes into view.
You hit the ogre.
The ogre is lightly wounded.
A centaur skeleton comes into view.
The ogre hits you with a +0 giant club.
A phantom comes into view.
You hit the ogre.
The ogre is lightly wounded.
The ogre barely misses you.
You hit the ogre.
The ogre is moderately wounded.
The ogre hits you with a +0 giant club!!
* * * LOW HITPOINT WARNING * * *
You are too injured to fight recklessly!
You are too injured to fight recklessly!
You are too injured to fight recklessly!
Unknown command.
It was a potion of mutation.
You feel extremely strange.
You feel clever.
Your vision sharpens.
You feel less in control of your magic.
The ogre hits you with a +0 giant club!!
You die...

####.##### ##..#.?...#
##.........###### ####
#...(........#..###..#
##.....##..............
##...8.........###......
#..............##.......
........................
.....#.@......#.........
......ZO...#####........
##.....s................
#...W.Z................
##.....................
#....#.................
#...............(......
#.....#................
(...........


You could see an ogre, a phantom, a scorpion, a wyvern skeleton and a centaur
skeleton.

Vanquished Creatures
  2 ice beasts
  A black bear (D:5)
  An ogre (D:5)
  A necrophage (D:5)
  A scorpion (D:5)
  2 orc priests (D:3)
  A centaur zombie (D:6)
  A hound (D:5)
  A centaur skeleton (D:6)
  A jelly (D:6)
  2 iguanas
  5 adders
  A dart slug (D:1)
  5 orcs
  2 bats (D:2)
  7 endoplasms
  A giant cockroach (D:1)
  8 goblins
  7 hobgoblins
  4 quokkas
  4 ball pythons
  2 frilled lizards
  A rat (D:1)
  A butterfly (D:5)
62 creatures vanquished.

Notes
Turn   | Place    | Note
-------+----------+-------------------------------------------
     0 | D:1      | Kinoniko the Hill Orc Berserker began the quest for the
                  | Orb.
     0 | D:1      | Reached XP level 1. HP: 19/19 MP: 1/1
   373 | D:1      | Reached XP level 2. HP: 24/26 MP: 2/2
   688 | D:1      | Reached skill level 5 in Axes
   931 | D:1      | Found a faded altar of an unknown god.
  1031 | D:2      | Reached XP level 3. HP: 29/31 MP: 3/3
  1241 | D:2      | Reached skill level 6 in Axes
  1317 | D:2      | Reached ** piety under Trog
  1518 | D:3      | Reached XP level 4. HP: 39/39 MP: 4/4
  1529 | D:3      | Reached skill level 7 in Axes
  1529 | D:3      | Reached XP level 5. HP: 37/45 MP: 5/5
  1636 | D:3      | Found a bloodstained altar of Trog.
  1807 | D:3      | Found a transporter.
  1807 | D:3      | Noticed niknal's ghost (weakling TrNe)
  1808 | D:3      | Noticed an ogre
  1810 | D:3      | Noticed an ogre
  1951 | D:3      | Found an ornate altar of the Wu Jian Council.
  2087 | D:4      | Found Daaq's Antique Armour Boutique.
  3050 | D:5      | Entered Level 5 of the Dungeon
  3123 | D:5      | Reached skill level 8 in Axes
  3123 | D:5      | Reached skill level 1 in Shields
  3217 | D:5      | Found a hazy altar of Hepliaklqana.
  3251 | D:5      | Reached XP level 6. HP: 51/51 MP: 6/6
  3401 | D:5      | Noticed an ice beast
  3414 | D:5      | Reached skill level 9 in Axes
  3414 | D:5      | Reached XP level 7. HP: 54/57 MP: 7/7
  3548 | D:5      | Found a shimmering altar of Xom.
  3816 | D:5      | Reached skill level 10 in Axes
  3960 | D:5      | Found a glowing golden altar of the Shining One.
  4110 | D:6      | Gained mutation: Your mind is acute. (Int +4, Str/Dex -1)
                  | [potion of mutation]
  4110 | D:6      | Gained mutation: You have supernaturally acute eyesight.
                  | (SInv) [potion of mutation]
  4110 | D:6      | Gained mutation: Your spells are a little harder to cast,
                  | but a little more powerful. [potion of mutation]
  4110 | D:6      | Demolished by an ogre

Illustrated notes

Levels and vault maps discovered:
D:1:      minmay_arrival_widening_spiral_narrow, layout_loops_ring,
          shapermc_ecumenical_altar_ellora, skrybe_limestone_x
D:2:      layout_basic
D:3:      layout_loops_ring, mainiacjoe_overflow_alcove_4, bloody_trog,
          gammafunk_ghost_smash
D:4:      layout_layer_cave, serial_shops, nicolae_stop_n_shop_1
D:5:      layout_loops_ring, xom_butterflies, lemuel_round_altar,
          nicolae_tso_swordbearing_angel, minmay_misc_feat_alley
D:6:      layout_cave_pools, old_standard_altar,
          minmay_temple_entry_from_below_a, serial_undead, serial_undead_b,
          serial_undead_f, serial_undead_f, serial_undead_d,
          hangedman_abyss_or_decor_slice, minmay_misc_feat_doors, uniq_edmund

Skill      XL: |  1  2  3  4  5  6  7 |
---------------+----------------------+-----
Axes           | 5 6 7 8 9 10 | 10.6
Shields        | 1 2 4 |  4.2
Fighting       | |  3.6
Armour         | |  2.1
Dodging        | |  1.5

Action                   |  1- 3 |  4- 6 |  7- 9 || total
-------------------------+-------+-------+-------++-------
Melee: Hand axe          |    97 |   136 |    46 ||   279
Invok: Berserk           |     2 |     2 |     1 ||     5
  Use: Scroll            |       |     5 |     3 ||     8
       Potion            |       |       |     1 ||     1
 Stab: Sleeping          |     1 |       |       ||     1
Armor: Animal skin       |     3 |       |       ||     3
       Ring mail         |    34 |    13 |       ||    47
       Chain mail        |       |    41 |    36 ||    77
Dodge: Dodged            |    50 |    41 |    12 ||   103
Block: Kite shield       |       |    41 |    21 ||    62

Table legend: (Time is in decaauts)
 A = Elapsed time spent in this place.
 B = Non-inter-level travel time spent in this place.
 C = Inter-level travel time spent in this place.
 D = Time resting spent in this place.
 E = Time spent auto-exploring this place.
 F = Levels seen in this place.
 G = Mean time per level.
                   A        B        C        D        E       F      G
               +--------+--------+--------+--------+--------+-----+--------+
         Total |   4155 |   3916 |    239 |    188 |   3149 |   6 |  692.5 |
       Dungeon |   4155 |   3916 |    239 |    188 |   3149 |   6 |  692.5 |
               +--------+--------+--------+--------+--------+-----+--------+

Top non-repeatable levels by time:
     D:1: 1038 daAuts
     D:5: 989 daAuts
     D:4: 981 daAuts
     D:3: 599 daAuts
     D:2: 468 daAuts
     D:6: 78 daAuts
